 Dungeon Crawl Stone Soup version 0.31.0-11-ge490571c62 (webtiles) character file.

Game seed: 2172158298949459623

29977 hawla the Tortoise (level 13, -9/160 HPs)
             Began as a Minotaur Berserker on Jan 27, 2024.
             Was a High Priest of Trog.
             Mangled by a daeva
             ... wielding a +2 scimitar of holy wrath
              (10 damage)
             ... on level 1 of the Abyss on Jan 28, 2024.
             The game lasted 00:42:04 (14074 turns).

hawla the Tortoise (Minotaur Berserker)            Turns: 14074, Time: 00:42:05

Health: -9/160     AC: 18    Str: 24    XL:     13   Next: 18%
Magic:  1/9        EV:  2    Int:  9    God:    Trog [*****.]
Gold:   155        SH:  0    Dex:  9    Spells: 12/12 levels left

rFire   + + .        o - +5 battleaxe of Puridun Yppi {flame, *Corrode rC++ Str+3 Dex+2}
rCold   + + +        (shield currently unavailable)
rNeg    . . .        P - melded +8 plate armour of Jeint {rF+ Int+2 SInv}
rPois   +            t - melded +2 hood of the Assassin {Detect Stab+ Stlth++}
rElec   +            y - melded +1 cloak {Stlth+}
rCorr   +            E - melded +0 pair of gloves
SInv    +            s - melded +0 pair of boots
Will    +....        j - amulet "Ixiux" {rPois Regen+ Int+5 Dex-3 Stlth+}
Stlth   +            Z - ring of Winter {rF+ Will+}
HPRegen 1.26/turn    F - ring of see invisible
MPRegen 0.11/turn

%: corrode self (3%)
@: tree-form, resistant, corroded, glowing, unable to drink
A: stationary, stasis, torment immunity, boosted hp, (horns 2), (retaliatory
headbutt), MP-powered wands, [clumsy 1], [low MP 2], [screaming 1],
([teleportitis 2]), [weak 2], ([heat vulnerability 2]), [subdued magic 3],
[inability to drink after injury 2], [inability to read after injury 1]
a: Renounce Religion, Berserk, Trog's Hand, Brothers in Arms


You were on level 1 of the Abyss.
You worshipped Trog.
Trog was extremely pleased with you.
You were a tree.
You visited 3 branches of the dungeon, and saw 16 of its levels.
You visited the Abyss 1 time.
You also visited: Ossuary.

You collected 1032 gold pieces.
You spent 877 gold pieces at shops.

Inventory:

Hand Weapons
 o - the +5 battleaxe of Puridun Yppi (weapon) {flame, *Corrode rC++ Str+3 Dex+2}
   (Trog gifted it to you on level 11 of the Dungeon)

   Str+3:     It affects your strength (+3).
   Dex+2:     It affects your dexterity (+2).
   rC++:      It greatly protects you from cold.
   *Corrode:  It may corrode you when you take damage.
 q - the +10 hand axe of Valour {freeze, Str+3}
   (You found it on level 2 of the Dungeon)

   Str+3:     It affects your strength (+3).
 M - a +6 heavy dire flail
Missiles
 D - 4 poisoned darts (quivered)
 J - a throwing net
Armour
 s - a +0 pair of boots (melded)
 t - the +2 hood of the Assassin (melded) {Detect Stab+ Stlth++}
   (You found it on level 3 of the Dungeon)

   Detect:    It allows the wearer to sense nearby creatures.
   Stab+:     It allows the wearer to make particularly effective stabbing
   attacks against helpless or unaware enemies with any weapon.
   Stlth++:   It makes you much more stealthy.
 y - a +1 cloak of stealth (melded)
 E - a +0 pair of gloves (melded)
 P - the +8 plate armour of Jeint (melded) {rF+ Int+2 SInv}
   (You found it on level 9 of the Dungeon)

   Int+2:     It affects your intelligence (+2).
   rF+:       It protects you from fire.
   SInv:      It lets you see invisible.
Jewellery
 a - a ring of flight
 e - a ring of protection from fire
 i - an amulet of reflection
 j - the amulet "Ixiux" (around neck) {rPois Regen+ Int+5 Dex-3 Stlth+}
   (You bought it in a shop on level 11 of the Dungeon)

   [amulet of regeneration]

   Int+5:     It affects your intelligence (+5).
   Dex-3:     It affects your dexterity (-3).
   rPois:     It protects you from poison Regen+: It increases your rate of
   health regeneration.
   Stlth+:    It makes you more stealthy.
 F - a ring of see invisible (right branch)
 H - a ring of protection from cold
 L - a ring of resist corrosion
 O - a ring of willpower
 R - a +6 ring of dexterity
 X - an amulet of regeneration
 Z - the ring of Winter (left branch) {rF+ Will+}
   (You bought it in a shop on level 11 of the Dungeon)

   [ring of protection from fire]

   rF+:       It protects you from fire.
   Will+:     It increases your willpower.
Wands
 b - a wand of iceblast (5)
 m - a wand of paralysis (6)
 r - a wand of polymorph (12)
 G - a wand of flame (40)
 K - a wand of mindburst (2)
Scrolls
 f - a scroll of immolation
 l - 2 scrolls of fog
 n - 3 scrolls of poison
 u - 4 scrolls of torment
 x - a scroll of silence
 B - 2 scrolls of teleportation
 S - a scroll of identify
 T - a scroll of enchant weapon
 U - 3 scrolls of vulnerability
 V - 2 scrolls of revelation
 W - 2 scrolls of blinking
 Y - a scroll of fear
Potions
 c - 3 potions of resistance
 d - 2 potions of haste
 g - 4 potions of attraction
 k - 2 potions of might
 p - a potion of invisibility
 w - a potion of magic
 z - a potion of berserk rage
 A - 7 potions of curing
 C - 2 potions of cancellation
 I - a potion of mutation


   Skills:
 - Level 8.0 Fighting
 + Level 15.3 Axes
 - Level 8.0 Throwing
 + Level 16.6 Armour
 - Level 6.0 Dodging
 - Level 2.0 Stealth
 - Level 5.0 Evocations


You had 12 spell levels left.
You didn't know any spells.
Your spell library was empty.

Dungeon Overview and Level Annotations

Branches:
Dungeon (11/15)            Temple (1/1) D:6            Lair (4/5) D:9
 Shoals (0/4) Lair:2       Spider (0/4) Lair:2          Orc (0/2) D:9
Ossuary (visited)
  Slime: Lair:4-5

Altars:
Ashenzari
Cheibriados
Dithmenos
Elyvilon
Fedhas
Gozag
Hepliaklqana
Kikubaaqudgha
Makhleb
Nemelex Xobeh
Okawaru
Qazlal
Ru
Sif Muna
Trog
Uskayaw
Vehumet
Wu Jian
Xom
Yredelemnul
Zin
The Shining One

Shops:
D:7 *   D:11 =**=

Annotations:
Lair:3 1 runed translucent door, Marethyu's ghost, journeyman FoFi
Lair:4 Sonja


Innate Abilities, Weirdness & Mutations

You are a tree.
Your roots penetrate the ground, keeping you stationary.
You cannot be teleported.
You are immune to unholy pain and torment.
Your maximum health is greatly increased.
Your equipment is partially melded.
((You have a pair of horns on your head.))
((You reflexively headbutt those who attack you in melee.))
You expend magic power (3 MP) to strengthen your wands.
[You are clumsy. (Dex -2)]
[Your magical capacity is very low. (-20% MP)]
[You occasionally shout uncontrollably at your foes.]
[((You are often teleported next to monsters.))]
[You are very weak. (Str -4)]
[((You are very vulnerable to heat. (rF--)))]
[Your spells are much easier to cast, but much less powerful.]
[You sometimes lose the ability to drink potions when taking damage.]
[You occasionally lose the ability to read scrolls when taking damage.]


Message History

The daeva is moderately wounded.
You slash the tentacled starspawn! You burn the tentacled starspawn.
A tentacle flies out from the starspawn's body!
The daeva hits you with a +2 scimitar of holy wrath!
Your corrosive artefact corrodes you!
The daeva hits you but does no damage.
A starspawn tentacle comes into view.
You turn into a tree.
Your +1 cloak of stealth melds into your body.
The +2 hood of the Assassin {Detect Stab+ Stlth++} melds into your body.
Your +0 pair of gloves melds into your body.
Your +0 pair of boots melds into your body.
The +8 plate armour of Jeint {rF+ Int+2 SInv} melds into your body.
You feel less stealthy.
Your roots penetrate the ground.
The tentacled starspawn bites you!!
The tentacled starspawn tentacle-slaps you but does no damage.
The daeva hits you with a +2 scimitar of holy wrath.
* * * LOW HITPOINT WARNING * * *
The daeva hits you with a +2 scimitar of holy wrath.
* * * LOW HITPOINT WARNING * * *
Your corrosive artefact corrodes you!
You feel protected. The tentacled starspawn bites you!
* * * LOW HITPOINT WARNING * * *
The tentacled starspawn tentacle-slaps you!
* * * LOW HITPOINT WARNING * * *
You feel threatened and lose the ability to drink potions!
The daeva hits you with a +2 scimitar of holy wrath!
* * * LOW HITPOINT WARNING * * *
The daeva hits you but does no damage.
You closely miss the daeva.
The daeva is lightly wounded.
You hit the tentacled starspawn but do no damage.
The tentacled starspawn bites you.
* * * LOW HITPOINT WARNING * * *
The tentacled starspawn tentacle-slaps you.
* * * LOW HITPOINT WARNING * * *
The daeva hits you with a +2 scimitar of holy wrath.
* * * LOW HITPOINT WARNING * * *
The daeva hits you with a +2 scimitar of holy wrath!
You die...

{ # ## ##
#.# ###.###
#. #...#..
# # #.....#
.#.# # #...
...
##.##..#.##
# ##.##.
##♣#{
#AXw.#
.....#
##...#..
..#.# ##
###.( .##
##


You could see a daeva, a tentacled starspawn and a starspawn tentacle.

Vanquished Creatures
  A tentacled starspawn (Abyss:1)
  2 rakshasas (D:9)
  A catoblepas (Lair:3)
  A boulder beetle (Lair:2)
  3 two-headed ogres (D:9)
  A thrashing horror (Abyss:1)
  2 wretched stars (Abyss:1)
  An orb spider (Lair:2)
  Joseph (D:7)
  A gargoyle (D:11)
  3 large abominations (Abyss:1)
  4 cane toads
  Maggie (D:7)
  An unseen horror (D:11)
  2 rime drakes (Lair:1)
  3 komodo dragons
  Psyche (D:8)
  5 trolls
  A merfolk (Lair:2)
  2 polar bears
  4 raiju (Abyss:1)
  2 hornets
  Prince Ribbit (D:7)
  Sigmund (D:2)
  22 yaks
  6 shadows (D:9)
  7 vampires (D:9)
  3 wraiths
  A basilisk (Lair:2)
  3 wyverns (Lair:3)
  A steam dragon (D:8)
  2 acid dragons
  16 water moccasins
  Duvessa (D:7)
  An ice beast (D:8)
  A sky beast (D:6)
  3 ogres (D:9)
  2 orc warriors (D:9)
  2 black bears
  3 small abominations (Abyss:1)
  8 wolves
  2 boggarts (D:9)
  A phantom (D:6)
  7 centaurs
  2 kobold brigands
  12 bullfrogs
  2 gnoll sergeants
  8 scorpions (Ossuary)
  8 wights (D:8)
  6 killer bees
  Dowan (D:7)
  3 howler monkeys
  3 bombardier beetles
  3 human zombies (Ossuary)
  2 jellies
  A centaur zombie (Ossuary)
  3 hounds
  7 orc priests
  Crazy Yiuf (D:2)
  An iron imp (Abyss:1)
  Natasha (twice) (D:2)
  A gnoll bouda (D:8)
  2 iguanas
  12 orc wizards
  8 scorpion zombies (Ossuary)
  3 mummies (Ossuary)
  14 gnolls
  9 adders
  2 white imps
  2 ufetubi (Abyss:1)
  2 adder zombies (Ossuary)
  A dart slug (D:2)
  A ribbon worm (D:2)
  31 orcs
  3 bats
  6 endoplasms
  6 giant cockroaches
  12 goblins
  8 hobgoblins
  8 jackals
  15 kobolds
  2 quokkas (D:1)
  3 ball pythons
  A ball python zombie (Ossuary)
  3 frilled lizards
  5 orc zombies (Ossuary)
  5 rats
367 creatures vanquished.

Vanquished Creatures (collateral kills)
  A kobold brigand (D:9)
1 creature vanquished.

Vanquished Creatures (others)
  2 starspawn tentacles (Abyss:1)
2 creatures vanquished.

Grand Total: 370 creatures vanquished

Notes
Turn   | Place    | Note
-------+----------+-------------------------------------------
     0 | D:1      | hawla the Minotaur Berserker began the quest for the Orb.
     0 | D:1      | Reached XP level 1. HP: 19/19 MP: 0/0
   177 | D:1      | Reached XP level 2. HP: 27/27 MP: 1/1
   346 | D:1      | Found a faded altar of an unknown god.
   793 | D:2      | Reached XP level 3. HP: 32/33 MP: 2/2
   831 | D:2      | Noticed Sigmund
   839 | D:2      | Killed Sigmund
   840 | D:2      | Reached XP level 4. HP: 40/40 MP: 3/3
   840 | D:2      | Reached XP level 5. HP: 46/46 MP: 4/4
   912 | D:2      | Identified the +10 hand axe of Valour {freeze, Str+3}
   917 | D:2      | Reached ** piety under Trog
  1068 | D:2      | Found a sacrificial altar of Ru.
  1124 | D:2      | Noticed Natasha
  1142 | D:2      | Killed Natasha
  1146 | D:2      | Reached XP level 6. HP: 24/52 MP: 5/5
  1322 | D:2      | Found a runed translucent door.
  1323 | D:2      | Noticed Crazy Yiuf
  1496 | D:2      | Killed Crazy Yiuf
  1659 | D:2      | Noticed Natasha
  1664 | D:2      | Killed Natasha
  2035 | D:3      | Found the +2 hood of the Assassin {Detect Stab+ Stlth++}
  2157 | D:3      | Found a basalt altar of Yredelemnul.
  2157 | D:3      | Found a burning altar of Makhleb.
  2158 | D:3      | Found a shimmering blue altar of Sif Muna.
  2158 | D:3      | Found an ornate altar of the Wu Jian Council.
  2217 | D:3      | Reached *** piety under Trog
  2329 | D:3      | Reached XP level 7. HP: 58/58 MP: 6/6
  2615 | D:4      | Found a sand-covered staircase.
  2638 | Ossuary  | Entered an ossuary
  2710 | Ossuary  | Reached skill level 10 in Axes
  2889 | Ossuary  | Reached XP level 8. HP: 66/66 MP: 7/7
  3514 | D:4      | Reached **** piety under Trog
  3715 | D:5      | Entered Level 5 of the Dungeon
  4371 | D:6      | Reached skill level 3 in Armour
  4371 | D:6      | Reached XP level 9. HP: 71/71 MP: 8/8
  4668 | D:6      | Reached skill level 4 in Armour
  4673 | D:6      | Found a staircase to the Ecumenical Temple.
  4690 | Temple   | Entered the Ecumenical Temple
  5095 | D:7      | Gained mutation: [You are clumsy. (Dex -2)] [potion of
                  | mutation]
  5095 | D:7      | Gained mutation: Your spells are a little harder to cast,
                  | but a little more powerful. [potion of mutation]
  5167 | D:7      | Reached skill level 5 in Armour
  5299 | D:7      | Reached skill level 6 in Armour
  5377 | D:7      | Noticed Prince Ribbit
  5387 | D:7      | Killed Prince Ribbit
  5418 | D:7      | Reached skill level 7 in Armour
  5422 | D:7      | Found Doleilae's General Store.
  5429 | D:7      | Reached skill level 1 in Evocations
  5434 | D:7      | Bought a potion of curing for 45 gold pieces
  5434 | D:7      | Bought a scroll of fog for 60 gold pieces
  5458 | D:7      | Noticed Joseph
  5469 | D:7      | Killed Joseph
  5655 | D:7      | Noticed Duvessa
  5656 | D:7      | Noticed Dowan
  5666 | D:7      | Killed Duvessa
  5671 | D:7      | Killed Dowan
  5797 | D:7      | Reached skill level 5 in Dodging
  5928 | D:7      | Noticed Maggie
  5940 | D:7      | Killed Maggie
  6131 | D:8      | Reached XP level 10. HP: 80/80 MP: 9/9
  6136 | D:8      | Noticed Psyche
  6148 | D:8      | Killed Psyche
  6149 | D:8      | Reached skill level 5 in Fighting
  6912 | D:9      | Found a staircase to the Orcish Mines.
  6952 | D:9      | Reached skill level 1 in Throwing
  7140 | D:9      | Found a staircase to the Lair.
  7204 | D:9      | Reached ***** piety under Trog
  7219 | D:9      | Reached skill level 5 in Throwing
  7417 | D:9      | Found a shadowy altar of Dithmenos.
  7417 | D:9      | Noticed a rakshasa
  7420 | D:9      | Noticed a rakshasa
  7427 | D:9      | HP: 4/88 [stone wall collision (15)]
  7505 | D:9      | Killed a rakshasa
  7790 | D:9      | Reached skill level 8 in Armour
  7822 | D:9      | Reached XP level 11. HP: 94/94 MP: 10/10
  7828 | D:9      | Noticed a two-headed ogre
  7836 | D:9      | Killed a two-headed ogre
  7843 | D:9      | Reached skill level 9 in Armour
  8004 | D:10     | Entered Level 10 of the Dungeon
  8108 | D:10     | Found a white marble altar of Elyvilon.
  8245 | D:9      | Reached skill level 10 in Armour
  8274 | D:9      | Killed a rakshasa
  8399 | D:9      | Noticed a two-headed ogre
  8428 | D:9      | Killed a two-headed ogre
  8520 | D:9      | Reached skill level 5 in Evocations
  8665 | D:9      | Noticed a two-headed ogre
  8670 | D:9      | Killed a two-headed ogre
  8715 | D:9      | Noticed a two-headed ogre
  8980 | D:9      | Received a gift from Trog
  9003 | D:9      | Lost mutation: [You are clumsy. (Dex -2)] [potion of
                  | mutation]
  9003 | D:9      | Lost mutation: Your spells are a little harder to cast, but
                  | a little more powerful. [potion of mutation]
  9003 | D:9      | Gained mutation: You expend magic power (3 MP) to
                  | strengthen your wands. [potion of mutation]
  9093 | D:9      | Identified the +8 plate armour of Jeint {rF+ Int+2 SInv}
  9860 | Lair:1   | Entered Level 1 of the Lair of Beasts
 10003 | Lair:1   | Reached skill level 11 in Armour
 10052 | Lair:1   | Reached skill level 12 in Armour
 10052 | Lair:1   | Reached XP level 12. HP: 98/101 MP: 11/11
 10575 | Lair:2   | Found a hole to the Spider Nest.
 10591 | Lair:2   | Reached skill level 13 in Armour
 10740 | Lair:2   | Noticed a boulder beetle
 10772 | Lair:2   | Killed a boulder beetle
 10937 | Lair:2   | Reached skill level 14 in Armour
 11159 | Lair:2   | Found a staircase to the Shoals.
 11758 | D:11     | Found Inlirch's General Store.
 11774 | D:11     | Found Umic's Jewellery Boutique.
 11782 | D:11     | Bought the ring of Winter {rF+ Will+} for 376 gold pieces
 11782 | D:11     | Bought a ring of resist corrosion for 200 gold pieces
 11932 | D:11     | Found Ymuhorr's Assorted Antiques.
 11989 | D:11     | Reached skill level 15 in Armour
 12031 | D:11     | Bought a scroll labelled MUCZOILACU for 29 gold pieces
 12031 | D:11     | Bought a twitching copper amulet for 145 gold pieces
 12031 | D:11     | Identified the amulet "Ixiux" {rPois Regen+ Int+5 Dex-3
                  | Stlth+} (You bought it in a shop on level 11 of the
                  | Dungeon)
 12136 | D:11     | Found Nuwn's Jewellery Boutique.
 12173 | D:11     | Identified the +5 battleaxe of Puridun Yppi {flame,
                  | *Corrode rC++ Str+3 Dex+2} (Trog gifted it to you on level
                  | 11 of the Dungeon)
 12173 | D:11     | Received a gift from Trog
 12280 | D:11     | Bought a scroll of identify for 22 gold pieces
 12701 | Lair:3   | Found a runed translucent door.
 12786 | Lair:3   | Noticed Marethyu's ghost (journeyman FoFi)
 12788 | Lair:3   | Identified the +4 trident "Jorr" {flame, rElec rCorr Int-2}
 12839 | Lair:3   | Noticed a catoblepas
 12852 | Lair:3   | Killed a catoblepas
 13182 | Lair:3   | Identified the +1 ring mail of Lust {Rampage Int+2}
 13548 | Lair:4   | Reached skill level 16 in Armour
 13555 | Lair:4   | Noticed Sonja
 13570 | Abyss:1  | Cast into level 1 of the Abyss (Sonja)
 13715 | Abyss:1  | Reached XP level 13. HP: 92/107 MP: 12/12
 13817 | Abyss:1  | Noticed a tentacled starspawn
 13831 | Abyss:1  | Killed a tentacled starspawn
 13832 | Abyss:1  | Reached skill level 15 in Axes
 13969 | Abyss:1  | Noticed a brown very ugly thing
 13969 | Abyss:1  | Noticed a brown very ugly thing
 14056 | Abyss:1  | Noticed a daeva
 14065 | Abyss:1  | Noticed a tentacled starspawn
 14073 | Abyss:1  | HP: 4/160 [daeva/+2 scimitar of holy wrath (12)]
 14074 | Abyss:1  | HP: 1/160 [daeva/+2 scimitar of holy wrath (1)]
 14074 | Abyss:1  | Mangled by a daeva

Illustrated notes

Levels and vault maps discovered:
D:1:      elethiomel_arrival_quiet, layout_loops_cross,
          hellmonk_ecumenical_altar_prayer_group
D:2:      layout_rooms, basic_altar, serial_aquarium, aquarium_bridge_straight
          [aquarium_subvault_bridge, aquarium_subvault_balcony,
          aquarium_subvault_bridge, aquarium_subvault_wall],
          aquarium_bridge_straight [aquarium_subvault_bridge,
          aquarium_subvault_wall, aquarium_subvault_bridge,
          aquarium_subvault_wall], aquarium_window_1, aquarium_window_2,
          aquarium_window_1, aquarium_window_corner, aquarium_view_2g,
          aquarium_view_2b, aquarium_pool_side, st_stairs_4, uniq_sigmund,
          uniq_natasha, uniq_crazy_yiuf_cottage
D:3:      layout_basic, chequers_temple_overflow_statue_of_worship,
          minmay_close_crescents, uniq_robin
D:4:      layout_gridville, enter_ossuary_1, serial_rivers,
          chequers_serial_rivers_micro_c, chequers_serial_rivers_micro_b,
          chequers_serial_rivers_micro_a, chequers_serial_rivers_small_b,
          minivault_4
D:5:      layout_cave_pools
D:6:      layout_gridville, minmay_temple_entry_antechambers
D:7:      layout_gridville, serial_shops, nicolae_shop_advertising_works
          [nicolae_subvault_shop_adworks], uniq_joseph, uniq_duvessa,
          uniq_maggie, uniq_prince_ribbit1
D:8:      layout_loops_ring, hangedman_abyss_or_decor_jellyfish_corner,
          uniq_psyche
D:9:      regret_index_dithmenos_penumbral_divide, layout_basic, orc_0_dummy,
          hangedman_minor_gate_pass
D:10:     layout_long_grid, mainiacjoe_overflow_catwalk, grunt_ministairs_2
D:11:     layout_cave_pods, serial_shops, nicolae_shop_gaudy_bauble, shop,
          nicolae_shop_tiny_statue_garden, nicolae_shop_gibbet_a_chance
Temple:   minmay_crystal_spiral_temple
Lair:1:   layout_hall_layers
Lair:2:   layout_chaotic_city, elwin_shoals_entry_rooms,
          nicolae_spider_entry_orb_guardian
Lair:3:   layout_cave_pods, ebering_ghost_funeral_grove, lemuel_fruit_fields
Lair:4:   layout_regular_city, uniq_sonja, uniq_josephine
Abyss:1:  base: D:12, base: D:12, hangedman_cross_veins

Skill      XL: |  1  2  3  4  5  6  7  8  9 10 11 12 13 |
---------------+----------------------------------------+-----
Axes           | 4 7 9 11 14 15 | 15.3
Armour         | 3 7 8 12 16 | 16.6
Evocations     | 3 5 |  5.0
Dodging        | 6 |  6.0
Fighting       | 4 8 |  8.0
Throwing       | 6 8 |  8.0
Stealth        | 2 |  2.0

Action                     |  1- 3 |  4- 6 |  7- 9 | 10-12 | 13-15 || total
---------------------------+-------+-------+-------+-------+-------++-------
  Melee: Hand axe          |    46 |    80 |   188 |   398 |       ||   712
         Headbutt          |     9 |     5 |    37 |    84 |    16 ||   151
         Punch             |     1 |       |     3 |     4 |       ||     8
         Battleaxe         |       |       |       |    73 |    75 ||   148
  Throw: Dart              |       |       |       |    18 |     6 ||    24
 Invoke: Trog's Hand       |       |       |       |     1 |       ||     1
         Brothers in Arms  |       |       |       |     1 |       ||     1
  Evoke: Wand              |       |       |       |    18 |     5 ||    23
    Use: Scroll            |       |     6 |     9 |    12 |     1 ||    28
         Potion            |       |     2 |     1 |     8 |     4 ||    15
   Stab: Sleeping          |       |       |    12 |    15 |       ||    27
         Distracted        |       |       |       |     1 |       ||     1
         Petrifying        |       |       |       |     1 |       ||     1
         Paralysed         |       |       |       |     1 |       ||     1
 Armour: Animal skin       |    13 |       |       |       |       ||    13
         Scale mail        |    12 |    47 |    61 |       |       ||   120
         Ring mail         |       |       |    20 |   110 |       ||   130
         Plate armour      |       |       |       |   200 |    86 ||   286
         Skin              |       |       |       |       |    12 ||    12
  Dodge: Dodged            |    28 |    35 |    56 |   164 |    27 ||   310
  Block: Other             |       |       |    24 |    51 |       ||    75
         Reflection        |       |       |       |     1 |       ||     1
